 Dungeon Crawl Stone Soup version 0.23.1 (webtiles) character file.

Game seed: 11825909031659856812

88 Kurtz the Chopper (level 4, -1/35 HPs)
             Began as a Mummy Chaos Knight on Mar 1, 2019.
             Was a Plaything of Xom.
             Slain by a small abomination (18 damage)
             ... summoned by the capriciousness of Xom
             ... on level 2 of the Dungeon.
             The game lasted 00:01:06 (1755 turns).

Kurtz the Chopper (Mummy Chaos Knight)              Turns: 1755, Time: 00:01:07

Health: -1/35      AC:  8    Str: 15    XL:     4   Next: 29%
Magic:  4/4        EV:  6    Int: 11    God:    Xom [*.....]
Gold:   153        SH:  0    Dex: 12    Spells: 3/3 levels left

rFire    x . .     SeeInvis .   a - +0 hand axe (chaos)
rCold    + . .     Gourm    .   (no shield)
rNeg     + + +     Faith    .   g - +0 chain mail (curse)
rPois    ∞         Spirit   .   (no helmet)
rElec    .         Reflect  .   (no cloak)
rCorr    .         Harm     +   (no gloves)
MR       .....                  (no boots)
Stlth    ..........             h - amulet of harm
HPRegen  0.11/turn              (no ring)
MPRegen  0.09/turn              (no ring)

@: no status effects
A: no food or potions, fire vulnerability, cold resistance 1, negative energy
resistance 3, torment resistance, unbreathing
a: Renounce Religion


You were on level 2 of the Dungeon.
You worshipped Xom.
You were a special plaything of Xom.
You were not hungry.

You visited 1 branch of the dungeon, and saw 2 of its levels.

You collected 153 gold pieces.

Inventory:

Hand Weapons
 a - a +0 hand axe of chaos (weapon)
Missiles
 f - 5 poisoned tomahawks (quivered)
Armour
 b - a +2 leather armour
 g - a cursed +0 chain mail (worn)
Jewellery
 h - an amulet of harm (around neck)
Wands
 e - a wand of acid (9)
Scrolls
 c - 3 scrolls of identify {unknown}
 d - a scroll of enchant weapon {unknown}
 i - a scroll of noise {unknown}
 j - a scroll of immolation {unknown}


   Skills:
 - Level 3.0 Fighting
 * Level 4.2 Axes
 - Level 1.5 Armour
 + Level 0.9 Dodging


You had 3 spell levels left.
You didn't know any spells.
Your spell library was empty.

Dungeon Overview and Level Annotations

Branches:
Dungeon (2/15)

Altars:
The Shining One
Lugonu

Portals:
Abyss: D:1


Innate Abilities, Weirdness & Mutations

You do not eat or drink.
Your flesh is vulnerable to fire.
You are immune to poison.
Your flesh is cold resistant. (rC+)
You are immune to negative energy. (rN+++)
You are immune to unholy pain and torment.
You can survive without breathing.


Message History

Unknown command.
Found a stone staircase leading down.
No target in view!
Unknown command.
There is a stone staircase leading down here.
You hear Xom's maniacal laughter.
A chorus of moans calls out to you!
Your chain mail prevents you from hitting the small abomination.
You hit the small abomination but do no damage.
The small abomination barely misses you.
There are monsters nearby!
You barely miss the small abomination.
You completely miss the small abomination.
You hit the small abomination but do no damage.
Space warps horribly around the small abomination!
The small abomination hits you! The small abomination hits you.
The small abomination hits you!
Ouch! That really hurt!
You die... "Huh?
Did I miss anything?"

#.. #..## #. #..# #.#.###.
#..# #....... #..# #.#.###.
#..# ###+###..## #.
#..###.....#.## #.
#..#..÷......# #.
#######.xx.#.....#.# #.
#.......@..###'##### #.
#.#####x#####...# #####.
#.##.......##§.§####.....
####.##.##....##...##.......
#>......#####.##§.§##.......
#.##.#### #.##._.####.####
#.##.# #.##§.§# #.# #.##.#
#.###### #.# #.##.########.#
#.#


You could see 3 small abominations.

Vanquished Creatures
  A crimson imp (D:2)
  An adder (D:2)
  An ooze (D:1)
  3 dart slugs
  2 leopard geckos
  3 giant cockroaches (D:1)
  4 goblins
  5 hobgoblins
  6 bats
  3 frilled lizards
  A kobold (D:1)
  5 rats
35 creatures vanquished.

Notes
Turn   | Place    | Note
-------+----------+-------------------------------------------
     0 | D:1      | Kurtz the Mummy Chaos Knight began the quest for the Orb.
     0 | D:1      | Reached XP level 1. HP: 18/18 MP: 1/1
    47 | D:1      | Found a one-way gate to the infinite horrors of the Abyss.
    47 | D:1      | Found a corrupted altar of Lugonu.
    47 | D:1      | Noticed a quasit
    47 | D:1      | Noticed a quasit
    47 | D:1      | Noticed a quasit
    47 | D:1      | Noticed a quasit
    47 | D:1      | Noticed an iron imp
   181 | D:1      | Reached skill level 3 in Axes
   181 | D:1      | Reached XP level 2. HP: 24/24 MP: 2/2
   325 | D:1      | XOM: 1-stop teleportation journey
   473 | D:1      | XOM: god gift: wand of acid (9)
   621 | D:1      | XOM: confuse monster(s)
   711 | D:1      | Reached XP level 3. HP: 29/29 MP: 3/3
   763 | D:1      | XOM: god gift: 30 gold pieces
   805 | D:1      | XOM: cloud trail
  1216 | D:2      | XOM: medium Conj miscast
  1369 | D:2      | Found a faded altar of an unknown god.
  1522 | D:2      | Found a glowing golden altar of the Shining One.
  1685 | D:2      | XOM: noise
  1697 | D:2      | Reached skill level 4 in Axes
  1697 | D:2      | Reached XP level 4. HP: 31/35 MP: 4/4
  1753 | D:2      | XOM: medium Summ miscast
  1754 | D:2      | Noticed a small abomination
  1754 | D:2      | Noticed a small abomination
  1754 | D:2      | Noticed a small abomination
  1755 | D:2      | Slain by a small abomination

Skill      XL: |  1  2  3 |
---------------+----------+-----
Axes           | 3 4 |  4.2
Fighting       | |  3.0
Armour         | |  1.5
Dodging        | |  0.9

Action                   |  1- 3 |  4- 6 || total
-------------------------+-------+-------++-------
Melee: Hand axe          |    95 |     5 ||   100
 Stab: Confused          |     1 |       ||     1
       Paralysed         |     1 |       ||     1
Armor: Leather armour    |    10 |       ||    10
       Chain mail        |    51 |     4 ||    55
Dodge: Dodged            |    42 |     4 ||    46
